Oilers vs Lightning

Created - 16 mars 2018 at 17:59

Goals
1 2 3 T
Oilers 0 2 1 3
Lightning 2 0 0 2
Shots
1 2 3 T
Oilers 4 14 11 29
Lightning 12 12 4 28

1st period

1. Lightning , Patric Hornqvist 32 (Jeff Carter 50, Johnny Gaudreau 50) at 8:12
2. Lightning , Travis Zajac 12 (Trevor Daley 27) at 10:00

Penalties :
Troy Brouwer (TBL) for Hooking (Minor) at 11:45

2nd period

3. Oilers , Brad Marchand 60 (Justin Williams 28, Ryan Getzlaf 68) at 8:53
4. Oilers , Jannik Hansen 18 (Dominic Moore 6, Brent Burns 50) at 10:45

Penalties :
Francois Beauchemin (EDM) for High sticking (Minor) at 6:15

3rd period

5. Oilers , Ryan Johansen 21 (Marc Methot 27, Brock McGinn 7) at 0:14

Penalties :
No Penalty

Goalie Stats

Martin Jones (EDM), 26 saves from 28 shots - (0.929), W, 34-11-6, 60:00 minutes
Kari Lehtonen (TBL), 26 saves from 29 shots - (0.897), L, 33-22-7, 59:18 minutes

Players Stats for Oilers

Player Name              G  A  P  +/- PIM S  H  SB GA TA FO     MP     PP MP  PK MP  
------------------------------------------------------------------------------------
Aleksander Barkov        0  0  0   0  0   2  0  0  0  0  7/17   16:35   1:14   0:00 
Brad Marchand            1  0  1   0  0   8  3  1  0  0  0/2    19:42   1:14   0:00 
Brent Burns              0  1  1   2  0   1  4  0  0  0  0/0    22:24   1:14   0:00 
Brock McGinn             0  1  1   1  0   1  0  1  0  0  0/1    14:43   0:00   0:00 
Dominic Moore            0  1  1   0  0   0  1  0  0  0  8/16    8:13   0:00   0:43 
Emerson Etem             0  0  0   0  0   0  0  0  0  0  0/0     7:30   0:00   0:00 
Francois Beauchemin      0  0  0   2  2   1  4  1  0  0  0/0    21:09   0:00   0:00 
Jannik Hansen            1  0  1   0  0   1  0  0  0  0  0/3     8:46   0:00   1:16 
Justin Williams          0  1  1   0  0   6  0  0  0  0  1/1    18:28   0:00   0:00 
Marc Methot              0  1  1   0  0   2  1  0  0  0  0/0    19:26   0:45   0:49 
Marc-Edouard Vlasic      0  0  0   0  0   0  1  1  0  0  0/0    20:49   1:14   1:10 
Michael Grabner          0  0  0   0  0   2  0  0  0  0  0/1    16:06   0:45   0:00 
Michael Matheson         0  0  0  -1  0   1  1  2  0  0  0/0    17:49   0:00   0:49 
Reilly Smith             0  0  0   0  0   0  1  0  0  0  0/1    16:06   0:45   0:00 
Riley Nash               0  0  0   1  0   0  1  0  0  0  1/1    15:26   0:00   0:43 
Ron Hainsey              0  0  0  -1  0   0  1  1  0  0  0/0    18:22   0:45   1:10 
Ryan Getzlaf             0  1  1   0  0   0  0  0  0  0  15/28  19:42   1:14   0:00 
Ryan Johansen            1  0  1   1  0   4  3  0  0  0  8/17   16:44   0:45   1:16 

Players Stats for Lightning

Player Name              G  A  P  +/- PIM S  H  SB GA TA FO     MP     PP MP  PK MP  
------------------------------------------------------------------------------------
Andrej Sekera            0  0  0  -1  0   0  0  2  0  0  0/0    23:48   1:14   1:06 
Dennis Wideman           0  0  0   1  0   1  0  1  0  0  0/0    14:20   0:00   0:00 
Erik Gudbranson          0  0  0  -2  0   0  2  2  0  0  0/0    21:46   0:00   0:53 
Henrik Sedin             0  0  0  -1  0   1  0  0  0  0  8/16   12:53   0:00   0:30 
Henrik Zetterberg        0  0  0  -1  0   3  0  0  0  0  11/17  18:24   1:09   0:37 
Jeff Carter              0  1  1   1  0   4  0  0  0  0  24/39  21:14   0:50   0:00 
Johnny Gaudreau          0  1  1   1  0   5  0  0  0  0  1/2    21:14   0:50   0:00 
Kevin Klein              0  0  0   1  0   0  2  2  0  0  0/0    19:26   0:45   0:00 
Kyle Quincey             0  0  0  -1  0   0  2  1  0  0  0/0    17:31   0:45   0:53 
Matt Hendricks           0  0  0  -1  0   0  1  1  0  0  1/3    13:23   0:00   1:00 
Patric Hornqvist         1  0  1   1  0   5  3  0  0  0  0/0    21:14   0:50   0:00 
Patrick Eaves            0  0  0  -1  0   1  0  0  0  0  0/0    13:32   1:09   0:00 
Teddy Purcell            0  0  0   0  0   2  0  0  0  0  0/0     6:37   0:00   0:00 
Tobias Rieder            0  0  0  -1  0   3  1  1  0  0  0/0    17:02   1:09   0:00 
Travis Zajac             1  0  1   0  0   3  0  0  0  0  2/9     7:38   0:00   1:01 
Trevor Daley             0  1  1   0  0   0  2  1  0  0  0/0    23:09   1:14   1:06 
Troy Brouwer             0  0  0  -1  2   0  1  0  0  0  1/2    16:37   0:00   0:00 
Vernon Fiddler           0  0  0   0  0   0  1  1  0  0  0/0     8:12   0:00   0:50 

3 Stars

1 - Ryan Johansen (EDM)
2 - Brent Burns (EDM)
3 - Brad Marchand (EDM)

Power Play

Oilers - 0 on 1 Attempt(s) - 0.00%
Lightning - 0 on 1 Attempt(s) - 0.00%

Penalty Kill

Oilers - 1 on 1 Attempt(s) - 100.00% - Score 0 goal in Penalty Kill
Lightning - 1 on 1 Attempt(s) - 100.00% - Score 0 goal in Penalty Kill

Team Stat

Oilers - Hits : 21 - Faceoff Wins : 40 - Blocked Shots : 7 - Penalty Minutes : 2
Lightning - Hits : 15 - Faceoff Wins : 48 - Blocked Shots : 12 - Penalty Minutes : 2

Official

Referees : Francois StLaurent and Justin StPierre
Linesman : Vaughan Rody and Steve Barton

Game Notes

No Game Note

Finance

Level 1 -- Attendance: 6119 (94.14%) -- Ticket Income 673 090 $
Level 2 -- Attendance: 3141 (62.82%) -- Ticket Income 298 395 $
Level 3 -- Attendance: 2439 (69.69%) -- Ticket Income 182 925 $
Level 4 -- Attendance: 1891 (59.02%) -- Ticket Income 85 095 $
Luxury Box -- Attendance: 529 (52.90%) -- Ticket Income 190 440 $
Game was played at the Amalie Arena.
Total Attendance: 14119 (73.52%)
Total Ticket Income: 1 429 945 $
Other Income: 214 492 $
Total Income: 1 644 437 $

% Time on Ice - Oilers

Lines # - Real PCT - Wanted PCT - Time Play
Normal Forward
1 - 32% - 36% - 17:55
2 - 28% - 31% - 15:21
3 - 27% - 28% - 14:43
4 - 14% - 5% - 7:30
Normal Defense
1 - 38% - 37% - 20:57
2 - 32% - 33% - 17:52
3 - 30% - 30% - 16:27
4 - 0% - 0% - 0:13
PP Forward
1 - 62% - 65% - 1:14
2 - 38% - 35% - 0:45
PP Defense
1 - 62% - 65% - 1:14
2 - 38% - 35% - 0:45
PK Forward
1 - 36% - 50% - 0:43
2 - 64% - 50% - 1:16
PK Defense
1 - 41% - 50% - 0:49
2 - 59% - 50% - 1:10
PK3 Forward
1 - 0% - 50%
2 - 0% - 50%
PK3 Defense
1 - 0% - 50%
2 - 0% - 50%
44 Forward
1 - 0% - 50%
2 - 0% - 50%
44 Defense
1 - 0% - 50%
2 - 0% - 50%
Last Minute Offensive  - 0:00
Last Minute Defensive  - 0:33
Total
Forward - 60:00
Defense - 60:00

% Time on Ice - Lightning

Lines # - Real PCT - Wanted PCT - Time Play
Normal Forward
1 - 37% - 40% - 20:24
2 - 29% - 30% - 15:53
3 - 22% - 20% - 12:23
4 - 12% - 10% - 6:37
Normal Defense
1 - 38% - 40% - 20:49
2 - 30% - 30% - 16:32
3 - 24% - 20% - 13:32
4 - 8% - 10% - 4:24
PP Forward
1 - 42% - 57% - 0:50
2 - 58% - 43% - 1:09
PP Defense
1 - 62% - 57% - 1:14
2 - 38% - 43% - 0:45
PK Forward
1 - 100% - 60% - 1:59
2 - 0% - 40% - 0:00
PK Defense
1 - 55% - 60% - 1:06
2 - 45% - 40% - 0:53
PK3 Forward
1 - 0% - 60%
2 - 0% - 40%
PK3 Defense
1 - 0% - 60%
2 - 0% - 40%
44 Forward
1 - 0% - 60%
2 - 0% - 40%
44 Defense
1 - 0% - 60%
2 - 0% - 40%
Last Minute Offensive  - 0:45
Last Minute Defensive  - 0:00
Total
Forward - 60:00
Defense - 60:00

Play by Play

1st period


0:01 of 1st period - Ryan Getzlaf wins face-off versus Jeff Carter in neutral zone.
0:16 of 1st period - Off-side.
0:17 of 1st period - Troy Brouwer wins face-off versus Aleksander Barkov in neutral zone.
1:24 of 1st period - Shot by Patrick Eaves.
1:24 of 1st period - Stopped by Martin Jones with a rebound.
1:26 of 1st period - Shot by Matt Hendricks.
1:26 of 1st period - Shot Misses the Net.
1:28 of 1st period - Shot by Dennis Wideman.
1:28 of 1st period - Stopped by Martin Jones without a rebound.
1:29 of 1st period - Justin Williams wins face-off versus Jeff Carter in Oilers zone.
1:42 of 1st period - Off-side.
1:43 of 1st period - Ryan Johansen wins face-off versus Travis Zajac in neutral zone.
1:50 of 1st period - Shot by Brock McGinn.
1:50 of 1st period - Shot Misses the Net.
1:52 of 1st period - Shot by Ron Hainsey.
1:52 of 1st period - Shot Misses the Net.
2:04 of 1st period - Shot by Brock McGinn.
2:04 of 1st period - Shot Misses the Net.
2:55 of 1st period - Shot by Jeff Carter.
2:55 of 1st period - Stopped by Martin Jones without a rebound.
2:56 of 1st period - Ryan Getzlaf wins face-off versus Henrik Sedin in Oilers zone.
2:56 of 1st period - Ryan Getzlaf is hit by Matt Hendricks.
3:19 of 1st period - Shot by Ryan Getzlaf.
3:19 of 1st period - Shot Misses the Net.
3:30 of 1st period - Icing by Kevin Klein.
3:31 of 1st period - Dominic Moore wins face-off versus Henrik Sedin in Lightning zone.
3:34 of 1st period - Shot by Emerson Etem.
3:34 of 1st period - Shot Blocked by Dennis Wideman.
3:50 of 1st period - Icing by Dennis Wideman.
3:51 of 1st period - Aleksander Barkov wins face-off versus Henrik Sedin in Lightning zone.
3:53 of 1st period - Michael Grabner is hit by Kevin Klein.
4:30 of 1st period - Icing by Brent Burns.
4:31 of 1st period - Jeff Carter wins face-off versus Aleksander Barkov in Oilers zone.
5:05 of 1st period - Jeff Carter is hit by Brent Burns and loses puck.
5:45 of 1st period - Icing by Marc-Edouard Vlasic.
5:46 of 1st period - Ryan Getzlaf wins face-off versus Travis Zajac in Oilers zone.
7:07 of 1st period - Shot by Ryan Johansen.
7:07 of 1st period - Stopped by Kari Lehtonen without a rebound.
7:08 of 1st period - Jeff Carter wins face-off versus Jannik Hansen in Lightning zone.
7:08 of 1st period - Jeff Carter is hit by Dominic Moore.
7:20 of 1st period - Shot by Jeff Carter.
7:20 of 1st period - Stopped by Martin Jones without a rebound.
7:21 of 1st period - Dominic Moore wins face-off versus Matt Hendricks in Oilers zone.
8:10 of 1st period - Shot by Jeff Carter.
8:10 of 1st period - Shot Misses the Net.
8:12 of 1st period - Shot by Patric Hornqvist.
8:12 of 1st period - Goal by Patric Hornqvist - Oilers : 0 - Lightning : 1.
8:13 of 1st period - Henrik Zetterberg wins face-off versus Ryan Getzlaf in neutral zone.
8:20 of 1st period - Shot by Justin Williams.
8:20 of 1st period - Stopped by Kari Lehtonen without a rebound.
8:21 of 1st period - Ryan Getzlaf wins face-off versus Jeff Carter in Lightning zone.
8:22 of 1st period - Shot by Brad Marchand.
8:22 of 1st period - Shot Blocked by Andrej Sekera.
8:24 of 1st period - Shot by Ryan Getzlaf.
8:24 of 1st period - Deflect By Brad Marchand.
8:24 of 1st period - Stopped by Kari Lehtonen without a rebound.
8:25 of 1st period - Jeff Carter wins face-off versus Ryan Getzlaf in Lightning zone.
8:43 of 1st period - Jeff Carter is hit by Marc-Edouard Vlasic.
9:01 of 1st period - Icing by Marc-Edouard Vlasic.
9:02 of 1st period - Ryan Getzlaf wins face-off versus Troy Brouwer in Oilers zone.
9:02 of 1st period - Ryan Getzlaf is hit by Troy Brouwer.
9:31 of 1st period - Shot by Tobias Rieder.
9:31 of 1st period - Shot Blocked by Marc-Edouard Vlasic.
9:33 of 1st period - Shot by Henrik Zetterberg.
9:33 of 1st period - Shot Misses the Net.
10:00 of 1st period - Shot by Travis Zajac.
10:00 of 1st period - Goal by Travis Zajac - Oilers : 0 - Lightning : 2.
10:01 of 1st period - Jeff Carter wins face-off versus Ryan Johansen in neutral zone.
10:01 of 1st period - Jeff Carter is hit by Ryan Johansen.
10:21 of 1st period - Icing by Erik Gudbranson.
10:22 of 1st period - Jeff Carter wins face-off versus Reilly Smith in Lightning zone.
10:27 of 1st period - Aleksander Barkov is hit by Patric Hornqvist and loses puck.
10:33 of 1st period - Icing by Michael Matheson.
10:34 of 1st period - Henrik Zetterberg wins face-off versus Aleksander Barkov in Oilers zone.
10:59 of 1st period - Shot by Tobias Rieder.
10:59 of 1st period - Shot Blocked by Ron Hainsey.
11:01 of 1st period - Shot by Tobias Rieder.
11:01 of 1st period - Stopped by Martin Jones without a rebound.
11:02 of 1st period - Ryan Johansen wins face-off versus Jeff Carter in Oilers zone.
11:22 of 1st period - Shot by Patric Hornqvist.
11:22 of 1st period - Shot Blocked by Brock McGinn.
11:24 of 1st period - Shot by Kevin Klein.
11:24 of 1st period - Shot Misses the Net.
11:32 of 1st period - Shot by Patric Hornqvist.
11:32 of 1st period - Stopped by Martin Jones without a rebound.
11:33 of 1st period - Henrik Zetterberg wins face-off versus Dominic Moore in Oilers zone.
11:45 of 1st period - Minor Penalty to Troy Brouwer for Hooking.
11:46 of 1st period - Matt Hendricks wins face-off versus Ryan Getzlaf in Lightning zone.
12:38 of 1st period - Icing by Brent Burns.
12:39 of 1st period - Travis Zajac wins face-off versus Ryan Getzlaf in Oilers zone.
13:45 of 1st period - Shot by Henrik Sedin.
13:45 of 1st period - Stopped by Martin Jones without a rebound.
13:46 of 1st period - Johnny Gaudreau wins face-off versus Dominic Moore in Oilers zone.
13:49 of 1st period - Shot by Patric Hornqvist.
13:49 of 1st period - Stopped by Martin Jones without a rebound.
13:50 of 1st period - Dominic Moore wins face-off versus Jeff Carter in Oilers zone.
13:57 of 1st period - Icing by Kevin Klein.
13:58 of 1st period - Jeff Carter wins face-off versus Ryan Johansen in Lightning zone.
13:58 of 1st period - Jeff Carter is hit by Ryan Johansen.
14:18 of 1st period - Shot by Brock McGinn.
14:18 of 1st period - Shot Misses the Net.
14:58 of 1st period - Brad Marchand is hit by Kyle Quincey and loses puck.
15:19 of 1st period - Shot by Brad Marchand.
15:19 of 1st period - Shot Misses the Net.
15:54 of 1st period - Icing by Matt Hendricks.
15:55 of 1st period - Henrik Sedin wins face-off versus Aleksander Barkov in Lightning zone.
17:02 of 1st period - Shot by Brock McGinn.
17:02 of 1st period - Stopped by Kari Lehtonen without a rebound.
17:03 of 1st period - Henrik Zetterberg wins face-off versus Dominic Moore in Lightning zone.
17:59 of 1st period - Shot by Brad Marchand.
17:59 of 1st period - Shot Misses the Net.
18:25 of 1st period - Shot by Jeff Carter.
18:25 of 1st period - Shot Hit the Post.
18:27 of 1st period - Shot by Jeff Carter.
18:27 of 1st period - Stopped by Martin Jones without a rebound.
18:28 of 1st period - Aleksander Barkov wins face-off versus Travis Zajac in Oilers zone.
18:28 of 1st period - Aleksander Barkov is hit by Vernon Fiddler.
18:58 of 1st period - Shot by Travis Zajac.
18:58 of 1st period - Stopped by Martin Jones without a rebound.
18:59 of 1st period - Jeff Carter wins face-off versus Ryan Johansen in Oilers zone.
18:59 of 1st period - Jeff Carter is hit by Francois Beauchemin.
19:10 of 1st period - Johnny Gaudreau is hit by Brent Burns and loses puck.
Goals for this period are 0 for Oilers vs 2 for Lightning.
Shots for this period are 4 for Oilers vs 12 for Lightning.

2nd period


0:01 of 2nd period - Aleksander Barkov wins face-off versus Jeff Carter in neutral zone.
0:32 of 2nd period - Marc-Edouard Vlasic is hit by Trevor Daley and loses puck.
1:01 of 2nd period - Shot by Henrik Zetterberg.
1:01 of 2nd period - Stopped by Martin Jones without a rebound.
1:02 of 2nd period - Ryan Johansen wins face-off versus Matt Hendricks in Oilers zone.
1:13 of 2nd period - Shot by Ryan Johansen.
1:13 of 2nd period - Stopped by Kari Lehtonen without a rebound.
1:14 of 2nd period - Ryan Getzlaf wins face-off versus Henrik Zetterberg in Lightning zone.
2:12 of 2nd period - Shot by Johnny Gaudreau.
2:12 of 2nd period - Shot Blocked by Michael Matheson.
2:14 of 2nd period - Shot by Trevor Daley.
2:14 of 2nd period - Shot Blocked by Michael Matheson.
2:16 of 2nd period - Shot by Patric Hornqvist.
2:16 of 2nd period - Stopped by Martin Jones without a rebound.
2:17 of 2nd period - Henrik Sedin wins face-off versus Ryan Johansen in Oilers zone.
2:45 of 2nd period - Matt Hendricks is hit by Ryan Johansen and loses puck.
3:01 of 2nd period - Icing by Dennis Wideman.
3:02 of 2nd period - Henrik Sedin wins face-off versus Aleksander Barkov in Lightning zone.
3:27 of 2nd period - Shot by Michael Grabner.
3:27 of 2nd period - Shot Blocked by Andrej Sekera.
3:29 of 2nd period - Shot by Michael Grabner.
3:29 of 2nd period - Stopped by Kari Lehtonen with a rebound.
3:31 of 2nd period - Shot by Marc Methot.
3:31 of 2nd period - Stopped by Kari Lehtonen without a rebound.
3:32 of 2nd period - Henrik Zetterberg wins face-off versus Dominic Moore in Lightning zone.
4:51 of 2nd period - Shot by Brad Marchand.
4:51 of 2nd period - Shot Misses the Net.
4:53 of 2nd period - Shot by Brad Marchand.
4:53 of 2nd period - Shot Misses the Net.
4:55 of 2nd period - Shot by Ryan Getzlaf.
4:55 of 2nd period - Shot Misses the Net.
4:57 of 2nd period - Shot by Brad Marchand.
4:57 of 2nd period - Stopped by Kari Lehtonen without a rebound.
4:58 of 2nd period - Aleksander Barkov wins face-off versus Travis Zajac in Lightning zone.
5:03 of 2nd period - Shot by Aleksander Barkov.
5:03 of 2nd period - Shot Misses the Net.
5:07 of 2nd period - Shot by Michael Grabner.
5:07 of 2nd period - Shot Misses the Net.
5:09 of 2nd period - Shot by Michael Grabner.
5:09 of 2nd period - Shot Misses the Net.
5:11 of 2nd period - Shot by Marc Methot.
5:11 of 2nd period - Stopped by Kari Lehtonen with a rebound.
5:13 of 2nd period - Shot by Aleksander Barkov.
5:13 of 2nd period - Shot Blocked by Vernon Fiddler.
5:15 of 2nd period - Shot by Michael Grabner.
5:15 of 2nd period - Shot Misses the Net.
5:28 of 2nd period - Travis Zajac is hit by Marc Methot and loses puck.
6:13 of 2nd period - Icing by Brent Burns.
6:14 of 2nd period - Jeff Carter wins face-off versus Brock McGinn in Oilers zone.
6:14 of 2nd period - Johnny Gaudreau is hit by Francois Beauchemin.
6:15 of 2nd period - Minor Penalty to Francois Beauchemin for High sticking.
6:16 of 2nd period - Jeff Carter wins face-off versus Ryan Johansen in Oilers zone.
6:18 of 2nd period - Patric Hornqvist is hit by Ron Hainsey and loses puck.
6:25 of 2nd period - Shot by Patric Hornqvist.
6:25 of 2nd period - Stopped by Martin Jones without a rebound.
6:26 of 2nd period - Dominic Moore wins face-off versus Henrik Zetterberg in Oilers zone.
6:49 of 2nd period - Shot by Henrik Zetterberg.
6:49 of 2nd period - Stopped by Martin Jones without a rebound.
6:50 of 2nd period - Dominic Moore wins face-off versus Jeff Carter in Oilers zone.
7:40 of 2nd period - Off-side.
7:41 of 2nd period - Henrik Zetterberg wins face-off versus Dominic Moore in neutral zone.
8:06 of 2nd period - Shot by Ryan Johansen.
8:06 of 2nd period - Deflect By Jannik Hansen.
8:06 of 2nd period - Shot Misses the Net.
8:17 of 2nd period - Icing by Kyle Quincey.
8:18 of 2nd period - Ryan Getzlaf wins face-off versus Travis Zajac in Lightning zone.
8:32 of 2nd period - Andrej Sekera is hit by Brent Burns and loses puck.
8:53 of 2nd period - Shot by Brad Marchand.
8:53 of 2nd period - Goal by Brad Marchand - Oilers : 1 - Lightning : 2.
8:54 of 2nd period - Jeff Carter wins face-off versus Aleksander Barkov in neutral zone.
9:13 of 2nd period - Shot by Johnny Gaudreau.
9:13 of 2nd period - Shot Misses the Net.
10:12 of 2nd period - Shot by Tobias Rieder.
10:12 of 2nd period - Shot Misses the Net.
10:27 of 2nd period - Off-side.
10:28 of 2nd period - Ryan Getzlaf wins face-off versus Travis Zajac in neutral zone.
10:37 of 2nd period - Shot by Ryan Getzlaf.
10:37 of 2nd period - Shot Misses the Net.
10:39 of 2nd period - Shot by Justin Williams.
10:39 of 2nd period - Stopped by Kari Lehtonen without a rebound.
10:40 of 2nd period - Dominic Moore wins face-off versus Henrik Sedin in Lightning zone.
10:45 of 2nd period - Shot by Dominic Moore.
10:45 of 2nd period - Deflect By Jannik Hansen.
10:45 of 2nd period - Goal by Jannik Hansen - Oilers : 2 - Lightning : 2.
10:46 of 2nd period - Ryan Getzlaf wins face-off versus Jeff Carter in neutral zone.
12:13 of 2nd period - Brock McGinn is hit by Erik Gudbranson and loses puck.
12:30 of 2nd period - Shot by Michael Grabner.
12:30 of 2nd period - Stopped by Kari Lehtonen without a rebound.
12:31 of 2nd period - Henrik Sedin wins face-off versus Dominic Moore in Lightning zone.
12:43 of 2nd period - Shot by Patrick Eaves.
12:43 of 2nd period - Shot Misses the Net.
12:45 of 2nd period - Shot by Matt Hendricks.
12:45 of 2nd period - Shot Misses the Net.
12:49 of 2nd period - Shot by Henrik Sedin.
12:49 of 2nd period - Shot Misses the Net.
13:14 of 2nd period - Icing by Michael Matheson.
13:15 of 2nd period - Jeff Carter wins face-off versus Dominic Moore in Oilers zone.
13:18 of 2nd period - Shot by Johnny Gaudreau.
13:18 of 2nd period - Stopped by Martin Jones without a rebound.
13:19 of 2nd period - Jeff Carter wins face-off versus Ryan Getzlaf in Oilers zone.
13:20 of 2nd period - Shot by Johnny Gaudreau.
13:20 of 2nd period - Stopped by Martin Jones without a rebound.
13:21 of 2nd period - Jeff Carter wins face-off versus Ryan Getzlaf in Oilers zone.
13:25 of 2nd period - Icing by Marc Methot.
13:26 of 2nd period - Jeff Carter wins face-off versus Ryan Getzlaf in Oilers zone.
13:27 of 2nd period - Shot by Trevor Daley.
13:27 of 2nd period - Shot Misses the Net.
13:31 of 2nd period - Shot by Johnny Gaudreau.
13:31 of 2nd period - Stopped by Martin Jones without a rebound.
13:32 of 2nd period - Ryan Getzlaf wins face-off versus Jeff Carter in Oilers zone.
13:32 of 2nd period - Brad Marchand is hit by Patric Hornqvist and loses puck.
13:45 of 2nd period - Shot by Jeff Carter.
13:45 of 2nd period - Stopped by Martin Jones without a rebound.
13:46 of 2nd period - Henrik Zetterberg wins face-off versus Michael Grabner in Oilers zone.
13:49 of 2nd period - Shot by Tobias Rieder.
13:49 of 2nd period - Stopped by Martin Jones without a rebound.
13:50 of 2nd period - Ryan Getzlaf wins face-off versus Jeff Carter in Oilers zone.
14:05 of 2nd period - Shot by Justin Williams.
14:05 of 2nd period - Stopped by Kari Lehtonen without a rebound.
14:06 of 2nd period - Henrik Zetterberg wins face-off versus Aleksander Barkov in Lightning zone.
14:25 of 2nd period - Shot by Aleksander Barkov.
14:25 of 2nd period - Stopped by Kari Lehtonen without a rebound.
14:26 of 2nd period - Ryan Getzlaf wins face-off versus Jeff Carter in Lightning zone.
14:43 of 2nd period - Shot by Johnny Gaudreau.
14:43 of 2nd period - Shot Misses the Net.
14:55 of 2nd period - Shot by Brad Marchand.
14:55 of 2nd period - Stopped by Kari Lehtonen without a rebound.
14:56 of 2nd period - Henrik Zetterberg wins face-off versus Aleksander Barkov in Lightning zone.
15:02 of 2nd period - Icing by Marc-Edouard Vlasic.
15:03 of 2nd period - Henrik Zetterberg wins face-off versus Aleksander Barkov in Oilers zone.
15:06 of 2nd period - Shot by Tobias Rieder.
15:06 of 2nd period - Stopped by Martin Jones with a rebound.
16:07 of 2nd period - Shot by Justin Williams.
16:07 of 2nd period - Stopped by Kari Lehtonen without a rebound.
16:08 of 2nd period - Henrik Sedin wins face-off versus Ryan Johansen in Lightning zone.
16:20 of 2nd period - Off-side.
16:21 of 2nd period - Jeff Carter wins face-off versus Brad Marchand in neutral zone.
16:21 of 2nd period - Patric Hornqvist is hit by Brad Marchand and loses puck.
16:31 of 2nd period - Icing by Kyle Quincey.
16:32 of 2nd period - Jeff Carter wins face-off versus Ryan Johansen in Lightning zone.
16:39 of 2nd period - Shot by Johnny Gaudreau.
16:39 of 2nd period - Stopped by Martin Jones without a rebound.
16:40 of 2nd period - Henrik Sedin wins face-off versus Ryan Getzlaf in Oilers zone.
16:53 of 2nd period - Shot by Brad Marchand.
16:53 of 2nd period - Stopped by Kari Lehtonen without a rebound.
16:54 of 2nd period - Ryan Johansen wins face-off versus Johnny Gaudreau in Lightning zone.
16:54 of 2nd period - Marc Methot is hit by Kevin Klein and loses puck.
17:00 of 2nd period - Off-side.
17:01 of 2nd period - Jeff Carter wins face-off versus Ryan Getzlaf in neutral zone.
17:31 of 2nd period - Shot by Jeff Carter.
17:31 of 2nd period - Shot Blocked by Francois Beauchemin.
17:39 of 2nd period - Shot by Brad Marchand.
17:39 of 2nd period - Shot Misses the Net.
17:41 of 2nd period - Shot by Ryan Getzlaf.
17:41 of 2nd period - Shot Misses the Net.
19:52 of 2nd period - Shot by Travis Zajac.
19:52 of 2nd period - Shot Hit the Post.
19:54 of 2nd period - Shot by Vernon Fiddler.
19:54 of 2nd period - Shot Misses the Net.
19:56 of 2nd period - Shot by Travis Zajac.
19:56 of 2nd period - Stopped by Martin Jones without a rebound.
19:57 of 2nd period - Jeff Carter wins face-off versus Brad Marchand in Oilers zone.
Goals for this period are 2 for Oilers vs 0 for Lightning.
Shots for this period are 14 for Oilers vs 12 for Lightning.

3rd period


0:01 of 3rd period - Ryan Getzlaf wins face-off versus Jeff Carter in neutral zone.
0:08 of 3rd period - Shot by Brad Marchand.
0:08 of 3rd period - Stopped by Kari Lehtonen without a rebound.
0:09 of 3rd period - Ryan Johansen wins face-off versus Henrik Zetterberg in Lightning zone.
0:14 of 3rd period - Shot by Ryan Johansen.
0:14 of 3rd period - Goal by Ryan Johansen - Oilers : 3 - Lightning : 2.
0:15 of 3rd period - Jeff Carter wins face-off versus Ryan Getzlaf in neutral zone.
0:48 of 3rd period - Shot by Trevor Daley.
0:48 of 3rd period - Shot Misses the Net.
1:11 of 3rd period - Icing by Brad Marchand.
1:12 of 3rd period - Henrik Sedin wins face-off versus Ryan Getzlaf in Oilers zone.
1:21 of 3rd period - Shot by Henrik Sedin.
1:21 of 3rd period - Shot Misses the Net.
2:42 of 3rd period - Icing by Marc Methot.
2:43 of 3rd period - Ryan Johansen wins face-off versus Jeff Carter in Oilers zone.
3:33 of 3rd period - Off-side.
3:34 of 3rd period - Henrik Zetterberg wins face-off versus Aleksander Barkov in neutral zone.
3:59 of 3rd period - Shot by Michael Grabner.
3:59 of 3rd period - Shot Blocked by Kyle Quincey.
4:45 of 3rd period - Shot by Teddy Purcell.
4:45 of 3rd period - Stopped by Martin Jones without a rebound.
4:46 of 3rd period - Jeff Carter wins face-off versus Dominic Moore in Oilers zone.
4:46 of 3rd period - Jeff Carter is hit by Brent Burns.
4:48 of 3rd period - Shot by Johnny Gaudreau.
4:48 of 3rd period - Stopped by Martin Jones without a rebound.
4:49 of 3rd period - Jeff Carter wins face-off versus Ryan Getzlaf in Oilers zone.
4:50 of 3rd period - Shot by Patric Hornqvist.
4:50 of 3rd period - Shot Blocked by Brad Marchand.
4:55 of 3rd period - Brad Marchand is hit by Erik Gudbranson and loses puck.
5:04 of 3rd period - Shot by Brad Marchand.
5:04 of 3rd period - Shot Blocked by Kevin Klein.
5:06 of 3rd period - Shot by Francois Beauchemin.
5:06 of 3rd period - Shot Blocked by Erik Gudbranson.
5:08 of 3rd period - Shot by Francois Beauchemin.
5:08 of 3rd period - Stopped by Kari Lehtonen without a rebound.
5:09 of 3rd period - Travis Zajac wins face-off versus Jannik Hansen in Lightning zone.
5:21 of 3rd period - Icing by Marc-Edouard Vlasic.
5:22 of 3rd period - Dominic Moore wins face-off versus Henrik Zetterberg in Oilers zone.
6:38 of 3rd period - Shot by Brad Marchand.
6:38 of 3rd period - Stopped by Kari Lehtonen without a rebound.
6:39 of 3rd period - Ryan Johansen wins face-off versus Henrik Sedin in Lightning zone.
6:54 of 3rd period - Shot by Ryan Johansen.
6:54 of 3rd period - Deflect By Brock McGinn.
6:54 of 3rd period - Shot Misses the Net.
6:56 of 3rd period - Shot by Michael Matheson.
6:56 of 3rd period - Shot Blocked by Kevin Klein.
6:58 of 3rd period - Shot by Michael Matheson.
6:58 of 3rd period - Stopped by Kari Lehtonen with a rebound.
7:50 of 3rd period - Jeff Carter is hit by Francois Beauchemin and loses puck.
7:54 of 3rd period - Icing by Francois Beauchemin.
7:55 of 3rd period - Aleksander Barkov wins face-off versus Travis Zajac in Oilers zone.
8:17 of 3rd period - Vernon Fiddler is hit by Francois Beauchemin and loses puck.
8:24 of 3rd period - Shot by Teddy Purcell.
8:24 of 3rd period - Stopped by Martin Jones without a rebound.
8:25 of 3rd period - Ryan Getzlaf wins face-off versus Henrik Zetterberg in Oilers zone.
8:34 of 3rd period - Shot by Justin Williams.
8:34 of 3rd period - Stopped by Kari Lehtonen with a rebound.
8:36 of 3rd period - Shot by Ryan Getzlaf.
8:36 of 3rd period - Shot Hit the Post.
8:38 of 3rd period - Shot by Brad Marchand.
8:38 of 3rd period - Stopped by Kari Lehtonen without a rebound.
8:39 of 3rd period - Dominic Moore wins face-off versus Jeff Carter in Lightning zone.
9:45 of 3rd period - Justin Williams is hit by Trevor Daley and loses puck.
9:54 of 3rd period - Shot by Brad Marchand.
9:54 of 3rd period - Shot Misses the Net.
9:56 of 3rd period - Shot by Brent Burns.
9:56 of 3rd period - Shot Blocked by Tobias Rieder.
9:58 of 3rd period - Shot by Brad Marchand.
9:58 of 3rd period - Shot Misses the Net.
10:00 of 3rd period - Shot by Justin Williams.
10:00 of 3rd period - Stopped by Kari Lehtonen with a rebound.
10:02 of 3rd period - Shot by Brent Burns.
10:02 of 3rd period - Stopped by Kari Lehtonen without a rebound.
10:03 of 3rd period - Aleksander Barkov wins face-off versus Henrik Sedin in Lightning zone.
10:11 of 3rd period - Shot by Michael Grabner.
10:11 of 3rd period - Shot Misses the Net.
10:13 of 3rd period - Shot by Aleksander Barkov.
10:13 of 3rd period - Shot Blocked by Erik Gudbranson.
10:15 of 3rd period - Shot by Aleksander Barkov.
10:15 of 3rd period - Shot Misses the Net.
10:39 of 3rd period - Shot by Michael Grabner.
10:39 of 3rd period - Shot Blocked by Matt Hendricks.
10:41 of 3rd period - Shot by Ron Hainsey.
10:41 of 3rd period - Shot Misses the Net.
11:06 of 3rd period - Icing by Francois Beauchemin.
11:07 of 3rd period - Ryan Johansen wins face-off versus Henrik Zetterberg in Oilers zone.
11:07 of 3rd period - Ryan Johansen is hit by Tobias Rieder.
12:18 of 3rd period - Kevin Klein is hit by Brad Marchand and loses puck.
13:02 of 3rd period - Icing by Kevin Klein.
13:03 of 3rd period - Jeff Carter wins face-off versus Jannik Hansen in Lightning zone.
13:29 of 3rd period - Michael Matheson is hit by Kyle Quincey and loses puck.
13:58 of 3rd period - Travis Zajac is hit by Reilly Smith and loses puck.
14:50 of 3rd period - Shot by Henrik Zetterberg.
14:50 of 3rd period - Stopped by Martin Jones without a rebound.
14:51 of 3rd period - Henrik Sedin wins face-off versus Ryan Johansen in Oilers zone.
15:17 of 3rd period - Shot by Ryan Johansen.
15:17 of 3rd period - Stopped by Kari Lehtonen without a rebound.
15:18 of 3rd period - Jeff Carter wins face-off versus Ryan Getzlaf in Lightning zone.
15:18 of 3rd period - Jeff Carter is hit by Brad Marchand.
15:41 of 3rd period - Johnny Gaudreau is hit by Michael Matheson and loses puck.
16:19 of 3rd period - Off-side.
16:20 of 3rd period - Riley Nash wins face-off versus Henrik Sedin in neutral zone.
17:10 of 3rd period - Icing by Erik Gudbranson.
17:11 of 3rd period - Aleksander Barkov wins face-off versus Henrik Sedin in Lightning zone.
17:36 of 3rd period - Shot by Aleksander Barkov.
17:36 of 3rd period - Stopped by Kari Lehtonen without a rebound.
17:37 of 3rd period - Ryan Getzlaf wins face-off versus Jeff Carter in Lightning zone.
17:38 of 3rd period - Shot by Brad Marchand.
17:38 of 3rd period - Shot Misses the Net.
18:11 of 3rd period - Shot by Brad Marchand.
18:11 of 3rd period - Shot Blocked by Trevor Daley.
18:34 of 3rd period - Icing by Andrej Sekera.
18:35 of 3rd period - Jeff Carter wins face-off versus Ryan Johansen in Lightning zone.
18:45 of 3rd period - Brent Burns is hit by Patric Hornqvist and loses puck.
18:54 of 3rd period - Andrej Sekera is hit by Riley Nash and loses puck.
19:18 of 3rd period - Lightning, Kari Lehtonen is pulled from the net.
Goals for this period are 1 for Oilers vs 0 for Lightning.
Shots for this period are 11 for Oilers vs 4 for Lightning.